 Dungeon Crawl Stone Soup version 0.27-a0-720-g3f424a255b (webtiles) character file.

Game seed: 6570527540651638907

610 Anathary the Stinger (level 7, -1/50 (56) HPs)
             Began as a Naga Venom Mage on Mar 23, 2021.
             Slain by a necrophage (4 damage)
             ... on level 5 of the Dungeon.
             The game lasted 00:25:36 (7594 turns).

Anathary the Stinger (Naga Venom Mage)              Turns: 7594, Time: 00:25:36

HP:   -1/50 (56)    AC:  4    Str: 11    XL:     7   Next: 43%
MP:   10/14         EV:  9    Int: 16    God:
Gold: 179           SH:  0    Dex: 12    Spells: 5/15 levels left

rFire    . . .     SeeInvis +   k - staff of air
rCold    . . .     Faith    .   (no shield)
rNeg     . . .     Spirit   .   n - +1 leather armour {rPois}
rPois    +         Reflect  .   (no helmet)
rElec    +         Harm     .   (no cloak)
rCorr    .         Rampage  .   (no gloves)
Will     +....                  (no barding)
Stlth    ++........             (no amulet)
HPRegen  0.16/turn              e - ring of willpower
MPRegen  0.14/turn              g - ring of wizardry

@: heavily drained, very slow
A: AC +2, large, see invisible, deformed body, poison resistance, slowness 2,
spit poison 1, naga tail 1
a: Spit Poison


You were on level 5 of the Dungeon.
You visited 1 branch of the dungeon, and saw 5 of its levels.

You collected 179 gold pieces.

Inventory:

Hand Weapons
 b - a +0 dagger
Armour
 a - a +0 robe
 n - a +1 leather armour of poison resistance (worn)
Magical Staves
 k - a staff of air (weapon)
Jewellery
 e - a ring of willpower (right hand)
 g - a ring of wizardry (left hand)
 i - a ring of willpower
 r - a +6 ring of dexterity
Wands
 l - a wand of flame (24)
 s - a wand of random effects (16)
Scrolls
 c - a scroll of vulnerability {unknown}
 d - a scroll of enchant weapon {unknown}
 j - a scroll of magic mapping {unknown}
 o - a scroll of amnesia {unknown}
 p - 3 scrolls of teleportation {unknown}
 q - 2 scrolls of identify {unknown}
 v - a scroll of fear {unknown}
 w - a scroll of random uselessness {unknown}
Potions
 f - a potion of flight {unknown}
 h - 2 potions of lignification {unknown}
 m - 2 potions of curing {unknown}
 t - a potion of mutation {unknown}
 u - 2 potions of attraction {unknown}


   Skills:
 + Level 0.7 Fighting
 + Level 0.3 Short Blades
 * Level 1.3 Staves
 + Level 0.5 Armour
 - Level 1.5 Dodging
 + Level 4.9 Stealth
 + Level 4.7 Spellcasting
 + Level 2.9 Transmutations
 + Level 0.1 Fire Magic
 + Level 6.6 Poison Magic


You had 5 spell levels left.
You knew the following spells:

 Your Spells              Type           Power      Damage    Failure   Level
a - Sting                 Tmut/Pois      76%        1d6       1%          1
b - Poisonous Vapours     Pois/Air       42%        N/A       3%          2
c - Ignite Poison         Fire/Tmut/Pois 14%        N/A       7%          3
d - Olgreb's Toxic Radia  Pois           25%        N/A       5%          4

Your spell library contained the following spells:

 Spells                   Type           Power      Damage    Failure   Level
 Mephitic Cloud           Conj/Pois/Air  16%        N/A       11%         3
 Cause Fear               Hex            1%         N/A       58%         4
 Yara's Violent Unravell  Hex/Tmut       4%         3d4       75%         5
 Silence                  Hex/Air        2%         N/A       89%         5
 Discord                  Hex            1%         N/A       100%        8


Dungeon Overview and Level Annotations

Branches:
Dungeon (5/15)
 Temple: D:4-7

Altars:
Makhleb
Trog
Wu Jian
Yredelemnul


Innate Abilities, Weirdness & Mutations

Your serpentine skin is tough. (AC +2)
You have supernaturally acute eyesight. (SInv)
Armour fits poorly on your strangely shaped body.
Your system is resistant to poisons. (rPois)
You cover ground very slowly.
You can spit poison.
You have a snake-like lower body.


Message History

The necrophage barely misses you.
You hit the necrophage.
The necrophage is heavily damaged.
The necrophage hits you but does no damage.
You barely miss the necrophage.
The necrophage is heavily damaged.
The necrophage completely misses you.
You closely miss the necrophage.
The necrophage is heavily damaged.
The necrophage hits you!
* * * LOW HITPOINT WARNING * * *
You closely miss the necrophage.
The necrophage is heavily damaged.
The necrophage hits you.
* * * LOW HITPOINT WARNING * * *
You hit the necrophage.
The necrophage is severely damaged.
The necrophage closely misses you.
You barely miss the necrophage.
The necrophage is severely damaged.
The necrophage barely misses you. The necrophage hits you.
* * * LOW HITPOINT WARNING * * *
You hit the necrophage.
The necrophage is severely damaged.
The necrophage hits you but does no damage.
You hit the necrophage.
The necrophage is severely damaged.
The necrophage hits you.
* * * LOW HITPOINT WARNING * * *
You feel drained.
* * * LOW HITPOINT WARNING * * *
You hit the necrophage but do no damage.
The necrophage is severely damaged.
The necrophage hits you.
* * * LOW HITPOINT WARNING * * *
You feel drained.
You hit the necrophage.
The necrophage is almost destroyed.
The necrophage hits you.
You die...

##+# #.# ##...# #.#
##.....## ####.#
#.......## ##.##.#
.........####...#.######
.........'...........<..
.........####.....#####.
........## ##..#.# #.#
###.###@# ##...# #.# #
#n# ##.## #. #Z. #.# #.#
...# #.# #.# #... #.# #.
#.... # #.... # ...###


You could see a necrophage and a hound zombie.

Vanquished Creatures
  Grinder (D:3)
  A jelly (D:5)
  A hound (D:4)
  A bullfrog skeleton (D:4)
  Terence (D:2)
  An orc wizard (D:3)
  Natasha (thrice) (D:2)
  3 worker ants (D:4)
  4 adders
  2 worms
  4 dart slugs
  6 orcs
  2 bats (D:1)
  5 giant cockroaches
  6 goblins
  2 hobgoblins
  4 jackals (D:4)
  5 kobolds
  7 oozes
  12 quokkas
  A ball python (D:1)
  4 frilled lizards (D:1)
  A jackal skeleton (D:4)
  2 quokka skeletons (D:4)
  3 rats
82 creatures vanquished.

Notes
Turn   | Place    | Note
-------+----------+-------------------------------------------
     0 | D:1      | Anathary the Naga Venom Mage began the quest for the Orb.
     0 | D:1      | Reached XP level 1. HP: 15/15 MP: 3/3
   274 | D:1      | Reached XP level 2. HP: 13/22 MP: 3/5
   685 | D:1      | HP: 1/22 [quokka (1)]
  1542 | D:1      | Reached XP level 3. HP: 28/28 MP: 4/6
  2102 | D:2      | Found a faded altar of an unknown god.
  2158 | D:2      | Noticed Terence
  2168 | D:2      | Killed Terence
  2169 | D:2      | Reached skill level 5 in Poison Magic
  2169 | D:2      | Reached XP level 4. HP: 7/36 MP: 3/8
  2350 | D:2      | Noticed Natasha
  2363 | D:2      | Killed Natasha
  2859 | D:2      | Learned a level 2 spell: Poisonous Vapours
  2863 | D:2      | Learned a level 3 spell: Ignite Poison
  3128 | D:2      | Reached XP level 5. HP: 42/42 MP: 6/9
  3275 | D:2      | Noticed Natasha
  3281 | D:2      | Killed Natasha
  3392 | D:2      | Noticed Natasha
  3422 | D:2      | Killed Natasha
  3838 | D:2      | Found a burning altar of Makhleb.
  3838 | D:2      | Found a bloodstained altar of Trog.
  4636 | D:3      | Noticed Grinder
  4646 | D:3      | Killed Grinder
  4647 | D:3      | Reached skill level 6 in Poison Magic
  4647 | D:3      | Reached XP level 6. HP: 34/50 MP: 0/12
  4747 | D:3      | Learned a level 4 spell: Olgreb's Toxic Radiance
  5219 | D:4      | Reached XP level 7. HP: 55/56 MP: 8/13
  6248 | D:4      | Reached skill level 1 in Staves
  6476 | D:4      | Found an ornate altar of the Wu Jian Council.
  6476 | D:4      | Found a basalt altar of Yredelemnul.
  6623 | D:5      | Entered Level 5 of the Dungeon
  7594 | D:5      | Slain by a necrophage

Illustrated notes

Levels and vault maps discovered:
D:1:      mrwooster_arrival_statue, layout_basic
D:2:      layout_loops_ring, gammafunk_temple_overflow_wave,
          chequers_ecumenical_altar_grove, uniq_natasha, uniq_terence
D:3:      layout_rooms, uniq_grinder
D:4:      layout_cave_pods, gammafunk_temple_overflow_elements
D:5:      layout_loops_corners, lemuel_doored_altar

Skill      XL: |  1  2  3  4  5  6  7 |
---------------+----------------------+-----
Poison Magic   | 5 6 |  6.6
Spellcasting   | 3 4 |  4.7
Transmutations | 2 |  2.9
Stealth        | 4 |  4.9
Staves         | 1 |  1.3
Fighting       | |  0.7
Short Blades   | |  0.3
Armour         | |  0.5
Dodging        | |  1.5
Fire Magic     | |  0.1

Action                   |  1- 3 |  4- 6 |  7- 9 || total
-------------------------+-------+-------+-------++-------
Melee: Unarmed           |     5 |       |       ||     5
       Dagger            |    50 |     8 |       ||    58
       Staff             |       |    37 |    88 ||   125
 Cast: Sting             |    29 |    54 |     8 ||    91
       Poisonous Vapours |       |     3 |       ||     3
       Ignite Poison     |       |     2 |       ||     2
       Olgreb's Toxic Ra |       |     4 |     8 ||    12
 Stab: Sleeping          |     1 |     1 |       ||     2
Armor: Robe              |     9 |    10 |       ||    19
       Leather armour    |       |     8 |    27 ||    35
Dodge: Dodged            |    20 |    51 |    42 ||   113

Table legend: (Time is in decaauts)
 A = Elapsed time spent in this place.
 B = Non-inter-level travel time spent in this place.
 C = Inter-level travel time spent in this place.
 D = Time resting spent in this place.
 E = Time spent auto-exploring this place.
 F = Levels seen in this place.
 G = Mean time per level.
                   A        B        C        D        E       F      G
               +--------+--------+--------+--------+--------+-----+--------+
         Total |   8774 |   8640 |    134 |   4231 |   2815 |   5 | 1754.8 |
       Dungeon |   8774 |   8640 |    134 |   4231 |   2815 |   5 | 1754.8 |
               +--------+--------+--------+--------+--------+-----+--------+

Top non-repeatable levels by time:
     D:2: 2514 daAuts
     D:1: 2331 daAuts
     D:4: 1803 daAuts
     D:3: 1100 daAuts
     D:5: 1025 daAuts
